 Dungeon Crawl Stone Soup version 0.31-a0-1309-gbf3fed316f (webtiles) character file.

Game seed: 8995452125427878892

1458651 EnegeticOcto the Destabilizer (level 26, 204/204 (207) HPs)
             Began as a Troll Venom Mage on Dec 19, 2023.
             Was an Elder of Hepliaklqana.
             Escaped with the Orb
             ... and 3 runes on Dec 20, 2023!
             The game lasted 04:18:50 (92155 turns).

EnegeticOcto the Destabilizer (Troll Venom Mage)   Turns: 92155, Time: 04:18:50

HP:   204/204 (207) AC: 28    Str: 25    XL:     26   Next: 13%
MP:   31/33         EV: 12    Int: 19    God:    Hepliaklqana [****..]
Gold: 3060          SH: 17    Dex: 22    Spells: 18/40 levels left

rFire   + + .        H - +9 dagger (distort)
rCold   + + .        r - +5 kite shield {reflect}
rNeg    . . .        A - +8 fire dragon scales
rPois   .            S - +0 hat of Qeoc {Str+5}
rElec   +            Q - +0 cloak of Telenid {Regen+}
rCorr   .            (gloves unavailable)
SInv    +            (boots unavailable)
Will    +++..        g - amulet of Heot {Spirit Rampage Dex+3}
Stlth   ++           w - ring of Twilight {^Drain rC+++ AC+4 Dex+6 Stlth+, =R}
HPRegen 2.14/turn    K - ring "Ighug" {*Corrode rElec rC+ SInv}
MPRegen 0.23/turn

%: corrode self (3%), reflection, guardian spirit, rampage
@: studying 2 skills, lightly drained
A: reduced essence, large, unfitting armour, claws 3, regeneration 1, shaggy fur
1, tough skin 1, iridescent scales 1, clever 1, strong-willed 2, weak 1, cold
vulnerability 1, devolution 1
0: Orb of Zot
}: 3/15 runes: serpentine, barnacled, slimy
a: Renounce Religion, Recall Ancestor, Ancestor Identity, Transference, Idealise


You escaped.
You worshipped Hepliaklqana.
Hepliaklqana was greatly pleased with you.
You visited 11 branches of the dungeon, and saw 52 of its levels.
You also visited: Bailey and Wizlab.

You collected 6558 gold pieces.
You spent 3498 gold pieces at shops.

Inventory:

Hand Weapons
 H - a +9 dagger of distortion (weapon)
   (You found it on level 5 of the Lair of Beasts)
 Y - the +8 Vampire's Tooth {megavamp}
   (You found it on level 3 of the Depths)
Missiles
 o - 5 darts of dispersal
 p - 47 javelins (quivered)
 v - 8 datura-tipped darts
 D - 21 boomerangs
 L - 8 silver javelins
 N - 7 curare-tipped darts
 Z - 8 throwing nets {!f}
Armour
 r - a +5 kite shield of reflection (worn)
   (You took it off a naga warrior on level 3 of the Snake Pit)
 A - +8 fire dragon scales (worn)
   (You took it off Margery on level 2 of the Vaults)
 Q - the +0 cloak of Telenid (worn) {Regen+}
   (You found it on level 13 of the Dungeon)

   Regen+:    It increases your rate of health regeneration.
 S - the +0 hat of Qeoc (worn) {Str+5}
   (You found it in a wizard's laboratory)

   Str+5:     It affects your strength (+5).
Magical Staves
 c - the staff of Spite {rElec Stlth+ Air Poison}
   (You found it on level 5 of the Pits of Slime)

   [staff of air]

   Base accuracy: +5 Base damage: 5 Base attack delay: 1.2 This weapon's minimum
   attack delay (0.6) is reached at skill level 12.
   rElec:     It insulates you from electricity.
   Stlth+:    It makes you more stealthy.
   Air:       It increases the power of your Air spells.
   Poison:    It increases the power of your Poison spells.
   It falls into the 'Staves' category.
   It is a one-clawed weapon.
Jewellery
 e - the ring of Sin {+Blink rPois rC+ Int+4}
   (You acquired it on level 1 of the Depths)

   [ring of poison resistance]

   Int+4:     It affects your intelligence (+4).
   rC+:       It protects you from cold.
   rPois:     It protects you from poison +Blink: It lets you blink.
 g - the amulet of Heot (around neck) {Spirit Rampage Dex+3}
   (You acquired it on level 14 of the Dungeon)

   [amulet of guardian spirit]

   Spirit:    It causes incoming damage to be divided between your reserves of
   health and magic.
   Dex+3:     It affects your dexterity (+3).
   Rampage:   It bestows one free step when moving towards enemies.
 w - the ring of Twilight (left claw) {^Drain rC+++ AC+4 Dex+6 Stlth+, =R}
   (You found it on level 2 of the Shoals)

   [ring of protection]

   AC+4:      It affects your AC (+4).
   Dex+6:     It affects your dexterity (+6).
   rC+++:     It renders you almost immune to cold.
   ^Drain:    It drains your maximum health when unequipped.
   Stlth+:    It makes you more stealthy.
 K - the ring "Ighug" (right claw) {*Corrode rElec rC+ SInv}
   (You found it on level 13 of the Dungeon)

   [ring of see invisible]

   rC+:       It protects you from cold.
   rElec:     It insulates you from electricity.
   SInv:      It lets you see invisible.
   *Corrode:  It may corrode you when you take damage.
 V - the ring "Gynegon" {rPois rN+ Will+ Slay-6}
   (You bought it in a shop on level 4 of the Snake Pit)

   [ring of willpower]

   Slay-6:    It affects your accuracy & damage with ranged weapons and melee
   (-6).
   rPois:     It protects you from poison rN+: It protects you from negative
   energy.
   Will+:     It increases your willpower.
Wands
 i - a wand of iceblast (9) {@v2}
   (You found it on level 5 of the Pits of Slime)
 t - a wand of digging (31) {@v3}
   (You found it on level 15 of the Dungeon)
 y - a wand of polymorph (10)
   (You found it on level 2 of the Lair of Beasts)
 E - a wand of light (27) {@v1}
   (You found it on level 6 of the Dungeon)
 O - a wand of paralysis (22)
   (You found it on level 8 of the Dungeon)
 W - a wand of mindburst (9)
   (You found it on level 2 of the Snake Pit)
Scrolls
 a - 2 scrolls of blinking {@r4}
 f - a scroll of torment
 j - 9 scrolls of teleportation {@r3 !r}
 k - 6 scrolls of fog {!r}
 l - 6 scrolls of poison
 q - a scroll of revelation {@r5 !r}
 B - 2 scrolls of vulnerability
 I - 4 scrolls of silence {!r}
 M - a scroll of immolation
 R - 3 scrolls of fear {!r}
Potions
 b - a potion of magic
 h - 10 potions of attraction
 m - 2 potions of berserk rage
 n - 9 potions of lignification {@q6}
 s - 19 potions of curing {@q1 !q}
 u - 6 potions of might {@q3 !q}
 z - 9 potions of enlightenment
 C - 2 potions of heal wounds {@q2 !q}
 G - 4 potions of cancellation
 P - 13 potions of mutation
 T - 4 potions of invisibility
 U - 2 potions of haste {@q4 !q}
Miscellaneous
 x - a lightning rod (4/4)
   (You found it in a bailey)
 J - a sack of spiders
   (You found it on level 4 of the Shoals)
 X - a phial of floods (inert)
   (You found it on level 2 of the Orcish Mines)


   Skills:
 - Level 7.9 Fighting
 - Level 7.9(9.2) Short Blades
 - Level 7.3(9.0) Long Blades
 + Level 6.3 Axes
 - Level 7.9 Staves
 + Level 6.2 Ranged Weapons
 - Level 7.9 Throwing
 - Level 7.9 Armour
 - Level 7.9 Dodging
 - Level 7.9 Stealth
 - Level 7.9 Shields
 - Level 7.9 Unarmed Combat
 - Level 7.9 Spellcasting
 - Level 7.9 Conjurations
 - Level 7.9 Hexes
 - Level 7.9 Summonings
 - Level 7.9 Necromancy
 - Level 7.9 Translocations
 - Level 7.9 Transmutations
 - Level 7.9 Fire Magic
 - Level 7.9 Ice Magic
 - Level 7.9 Air Magic
 - Level 7.9 Earth Magic
 - Level 7.9 Poison Magic
 - Level 7.9 Invocations
 - Level 7.9 Evocations
 + Level 6.0 Shapeshifting


You had 18 spell levels left.
You knew the following spells:

 Your Spells              Type           Power      Damage    Failure   Level
a - Vhi's Electric Charg  Tloc/Air       74%        N/A       16%         4
b - Manifold Assault      Tloc           37%        N/A       16%         4
c - Mephitic Cloud        Conj/Pois/Air  37%        N/A       4%          3
d - Lesser Beckoning      Tloc           74%        N/A       2%          2
e - Apportation           Tloc           74%        N/A       1%          1
f - Olgreb's Toxic Radia  Pois           37%        N/A       16%         4
p - Passwall              Tmut/Erth      30%        N/A       2%          2
Y - Blink                 Tloc           74%        N/A       2%          2

Your spell library contained the following spells:

 Spells                   Type           Power      Damage    Failure   Level
 Foxfire                  Conj/Fire      100%       2x1d9     1%          1
 Freeze                   Ice            100%       1d10      1%          1
 Kiss of Death            Conj/Necr      100%       2d13      1%          1
 Magic Dart               Conj           100%       1d8       1%          1
 Necrotise                Necr           100%       1d9       1%          1
 Sandblast                Erth           74%        2d16      1%          1
 Shock                    Conj/Air       100%       1d9       1%          1
 Sting                    Tmut/Pois      100%       1d8       1%          1
 Summon Small Mammal      Summ           100%       N/A       1%          1
 Call Imp                 Summ           74%        N/A       2%          2
 Ensorcelled Hibernation  Hex/Ice        74%        N/A       2%          2
 Jinxbite                 Hex            74%        N/A       2%          2
 Momentum Strike          Conj/Tloc      74%        3d10      2%          2
 Poisonous Vapours        Pois/Air       74%        N/A       2%          2
 Searing Ray              Conj           74%        2d7       2%          2
 Sublimation of Blood     Necr           37%        N/A       2%          2
 Wereblood                Tmut           37%        N/A       2%          2
 Call Canine Familiar     Summ           37%        N/A       4%          3
 Confusing Touch          Hex            37%        N/A       4%          3
 Dazzling Flash           Conj/Hex       74%        N/A       4%          3
 Frozen Ramparts          Ice            74%        1d12      4%          3
 Hailstorm                Conj/Ice       37%        3d9       4%          3
 Inner Flame              Hex/Fire       37%        N/A       4%          3
 Ozocubu's Armour         Ice            37%        N/A       4%          3
 Sigil of Binding         Hex            37%        N/A       4%          3
 Stone Arrow              Conj/Erth      74%        3d11      4%          3
 Summon Guardian Golem    Hex/Summ       37%        N/A       4%          3
 Swiftness                Air            37%        N/A       4%          3
 Tukima's Dance           Hex            37%        N/A       4%          3
 Vampiric Draining        Necr           37%        2d8       4%          3
 Volatile Blastmotes      Fire/Tloc      74%        2d16      4%          3
 Airstrike                Air            18%        2d(3-19)  16%         4
 Anguish                  Hex/Necr       18%        N/A       16%         4
 Animate Dead             Necr           37%        N/A       16%         4
 Brom's Barrelling Bould  Conj/Erth      37%        2d6       16%         4
 Cause Fear               Hex            18%        N/A       16%         4
 Dimensional Bullseye     Hex/Tloc       18%        N/A       16%         4
 Flame Wave               Conj/Fire      37%        2d10      16%         4
 Fulminant Prism          Conj/Hex       18%        3d11      16%         4
 Iskenderun's Mystic Bla  Conj/Tloc      37%        2d9       16%         4
 Leda's Liquefaction      Tmut/Erth      18%        N/A       16%         4
 Passage of Golubria      Tloc           37%        N/A       16%         4
 Petrify                  Tmut/Erth      37%        N/A       16%         4
 Sticky Flame             Conj/Fire      37%        2d6       16%         4
 Summon Ice Beast         Ice/Summ       37%        N/A       16%         4
 Agony                    Necr           37%        N/A       41%         5
 Alistair's Intoxication  Tmut/Pois      24%        N/A       41%         5
 Arcjolt                  Conj/Air       18%        1d28      41%         5
 Borgnjor's Vile Clutch   Necr/Erth      18%        N/A       41%         5
 Fireball                 Conj/Fire      18%        3d9       41%         5
 Iskenderun's Battlesphe  Conj           37%        2d9       41%         5
 Metabolic Englaciation   Hex/Ice        18%        N/A       41%         5
 Summon Forest            Summ/Tloc      18%        N/A       41%         5
 Summon Mana Viper        Hex/Summ       37%        N/A       41%         5
 Yara's Violent Unravell  Hex/Tmut       18%        3d9       41%         5
 Bombard                  Conj/Erth      18%        9d4       94%         6
 Conjure Ball Lightning   Conj/Air       18%        3x3d6     94%         6
 Death Channel            Necr           18%        N/A       94%         6
 Eringya's Noxious Bog    Tmut/Pois      18%        4d6       94%         6
 Plasma Beam              Fire/Air       18%        2x1d30    94%         6
 Simulacrum               Ice/Necr       18%        N/A       94%         6
 Enfeeble                 Hex            18%        N/A       100%        7
 Haunt                    Necr/Summ      18%        N/A       100%        7
 Malign Gateway           Summ/Tloc      18%        N/A       100%        7
 Orb of Destruction       Conj           18%        9d8       100%        7
 Ozocubu's Refrigeration  Ice            18%        4d11      100%        7
 Spellforged Servitor     Conj/Summ      18%        N/A       100%        7
 Summon Hydra             Summ           18%        N/A       100%        7
 Borgnjor's Revivificati  Necr           18%        N/A       100%        8
 Discord                  Hex            18%        N/A       100%        8
 Disjunction              Tloc           18%        N/A       100%        8
 Infestation              Necr           18%        N/A       100%        8
 Lehudib's Crystal Spear  Conj/Erth      18%        10d6      100%        8
 Maxwell's Capacitive Co  Air            18%        ∞         100%        8
 Chain Lightning          Conj/Air       18%        3d24      100%        9
 Death's Door             Necr           18%        N/A       100%        9
 Dragon's Call            Summ           18%        N/A       100%        9
 Fire Storm               Conj/Fire      18%        8d5       100%        9
 Shatter                  Erth           18%        3d17*     100%        9


Dungeon Overview and Level Annotations

Branches:
Dungeon (15/15)            Temple (1/1) D:4            Lair (5/5) D:11
 Shoals (4/4) Lair:3        Snake (4/4) Lair:2        Slime (5/5) Lair:5
    Orc (2/2) D:11            Elf (3/3) Orc:2        Vaults (4/5) D:14
  Crypt (0/3) Vaults:2     Depths (4/4) D:15            Zot (5/5) Depths:4
 Bailey (visited)          WizLab (visited)

Altars:
Ashenzari
Cheibriados
Dithmenos
Elyvilon
Fedhas
Gozag
Hepliaklqana
Kikubaaqudgha
Makhleb
Nemelex Xobeh
Okawaru
Qazlal
Ru
Sif Muna
Trog
Uskayaw
Vehumet
Wu Jian
Xom
Yredelemnul
Zin
The Shining One
Jiyva
Lugonu

Shops:
D:1 (   D:2 *   D:15 *(   Orc:2 [[(   Elf:2 ?   Shoals:1 *   Shoals:2 *
Snake:2 :   Snake:4 =[[:   Vaults:2 [   Vaults:3 (   Depths:1 *((

Portals:
Hell: Depths:1 Depths:2 Depths:3 Depths:4
Abyss: Lair:5 Depths:1 Depths:3
Pandemonium: Depths:2
Ziggurat: Depths:3
Trove: Depths:3 (give +3 storm dragon scales)

Annotations:
D:15 Roxanne
Shoals:3 3 exclusions
Elf:2 3 runed translucent doors, exclusion: door
Elf:3 1 exclusion
Vaults:1 2 runed translucent doors, exclusion: 2 doors, atomjack2's ghost, adept BaHu; jlumianski's ghost, veteran KoBe
Depths:3 exclusions: 2 daevas and 2 more exclusions
Zot:2 exclusion: protean progenitor


Innate Abilities, Weirdness & Mutations

Your life essence is reduced to manifest your ancestor. (-10% HP)
You are too large for most types of armour.
You have claws for hands.
Your natural rate of healing is unusually fast.
You are covered in fur. (AC +1)
You have tough skin. (AC +1)
You are partially covered in iridescent scales. (AC +2)
Your mind is acute. (Int +4, Str/Dex -1)
You are highly strong-willed. (Will++)
You are weak. (Str -2)
You are vulnerable to cold. (rC-)
You have hidden genetic defects.


Message History

(D) Dungeon (T) Temple (L) Lair (A) Shoals (P) Snake Pit (M) Slime Pits (O) Orcish Mines (E) Elven Halls (V) Vaults (C) Crypt (U) Depths (H) Hell (Z) Zot
Where to? (Tab/Enter - D:1 @ (x,y), ? - help) Ancestor HP restored.
There is a stone staircase leading up here.
You climb upwards.
There is a stone staircase leading down here.
There is an escape hatch in the ceiling here.
Really go through this one-way escape hatch?
A mysterious force pulls you upwards. The hatch slams shut behind you.
(D) Dungeon (T) Temple (L) Lair (A) Shoals (P) Snake Pit (M) Slime Pits (O) Orcish Mines (E) Elven Halls (V) Vaults (C) Crypt (U) Depths (H) Hell (Z) Zot
Where to? (Tab/Enter - D:1 @ (x,y), ? - help)
You swap places.
There is a stone staircase leading up here.
You climb upwards.
A reaper comes into view. It is wielding a +0 heavy scythe.
There is a stone staircase leading down here.
Unknown command.
The reaper moves out of view.
Exclusive Title closely misses the reaper.
Exclusive Title gestures at the reaper while chanting.
The bolt of magma hits the reaper!!
The reaper hits Exclusive Title with a +0 heavy scythe!
The reaper drags Exclusive Title backwards!
Exclusive Title hits the reaper with a +0 lajatang of freezing!!
Exclusive Title freezes the reaper.
Exclusive Title hits the reaper with a +0 lajatang of freezing!
The reaper hits Exclusive Title with a +0 heavy scythe!
Exclusive Title hits the reaper with a +0 lajatang of freezing!
Exclusive Title freezes the reaper.
The reaper dies!
(D) Dungeon (T) Temple (L) Lair (A) Shoals (P) Snake Pit (M) Slime Pits (O) Orcish Mines (E) Elven Halls (V) Vaults (C) Crypt (U) Depths (H) Hell (Z) Zot
Where to? (Tab/Enter - D:1 @ (x,y), ? - help) HP restored.
Exclusive Title is no longer moving quickly.
You see here a +0 ring mail.
A hell beast comes into view.
Exclusive Title barely misses the hell beast.
You block the hell beast's attack. x2
Exclusive Title closely misses the hell beast.
Exclusive Title gestures at the hell beast while chanting.
The crystal spear hits the hell beast!!!
The hell beast bites Exclusive Title!!
The hell beast barely misses Exclusive Title.
Exclusive Title gestures wildly while chanting.
Exclusive Title seems to speed up.
A rust devil comes into view.
The hell beast barely misses Exclusive Title.
The hell beast tramples Exclusive Title.
Exclusive Title is shoved backwards!
Exclusive Title hits the hell beast with a +0 lajatang of freezing!
Exclusive Title freezes the hell beast.
The hell beast bites Exclusive Title!
The hell beast tramples Exclusive Title but does no damage.
Aiming: Bolt of Light
Press: ? - help, Shift-Dir - straight line, f - rust devil
Aim: a rust devil (81% to hit)
The bolt of light hits the rust devil!!
The rust devil is severely wounded.
The rust devil is blinded.
Exclusive Title hits the hell beast with a +0 lajatang of freezing!
Exclusive Title freezes the hell beast.
The hell beast bites Exclusive Title!
The hell beast misses Exclusive Title.
Exclusive Title points at the hell beast and mumbles some strange words.
The crystal spear hits the hell beast!!!
The hell beast dies!
Unknown command.
Aiming: Bolt of Light
Press: ? - help, Shift-Dir - straight line, f/p - rust devil
Aim: a rust devil (severely wounded, blind, unable to see you, 81% to hit)
The bolt of light hits the rust devil!
You kill the rust devil!
(D) Dungeon (T) Temple (L) Lair (A) Shoals (P) Snake Pit (M) Slime Pits (O) Orcish Mines (E) Elven Halls (V) Vaults (C) Crypt (U) Depths (H) Hell (Z) Zot
Where to? (Tab/Enter - D:1 @ (x,y), ? - help)
You see here a +0 flail.
There is a stone staircase leading up here.
You climb upwards.
There is a stone staircase leading down here.
You swap places.
A demonspawn black sun and a soul eater come into view.
The demonspawn black sun is wielding a +2 demon blade of electrocution and wearing a +2 plate armour of cold resistance.
Exclusive Title points at the soul eater and mumbles some strange words.
The crystal spear hits the soul eater!!!
The soul eater hits Exclusive Title!
The soul eater hits Exclusive Title but does no damage.
There is an open door here.
There is a staircase leading out of the dungeon here.
Exclusive Title is recalled.
You can't go down here!
You have escaped!

..............#...####...#..# #..
..............#########'##.######
####.............##..##..........
#######..........................
#................##..##...#.#####
#..........#####'######'##....##.
#...........###...####...#..#.##'
#........)#...#.R.'..#...#..#....
..........###.#.@.#..#...#..#..).
..........# #.#...#..#...#.......
).........# #.#...#..#...#..#....
..........# #.#####.R#####..#.(..
..........# #.(.............#....
#.........# ####.#####3....##.###
..........# #.# ##...>.##+###
........^.# #.# #...3........
..........# #.# #.....R......


You could see the friendly Exclusive Title the battlemage (fast).

Vanquished Creatures
  the Royal Jelly (Slime:5)
  A dread lich (Zot:5)
  An orb of fire (Zot:5)
  Mara (Vaults:2)
  Bai Suzhen (Snake:3)
  Vashnia (Snake:2)
  Saint Roka (Vaults:2)
  Margery (Vaults:2)
  A caustic shrike (Depths:2)
  A golden dragon (Zot:4)
  2 electric golems
  A hellephant (Vaults:1)
  4 tentacled monstrosities
  A deep elf blademaster (Elf:3)
  3 quicksilver dragons
  A walking earthen tome (Depths:3)
  A deep elf master archer (Elf:3)
  5 death cobs
  2 Orb Guardians (Zot:5)
  4 acid blobs
  A sphinx (Elf:2)
  A storm dragon (Zot:3)
  Donald (Shoals:1)
  A tengu reaver (Depths:3)
  Kirke (D:12)
  A draconian knight (Depths:4)
  A draconian monk (Zot:2)
  3 protean progenitors
  2 rockslimes (Slime:5)
  2 nagarajas (Snake:4)
  2 fire giants
  A deep elf sorcerer (Elf:3)
  3 azure jellies (Slime:5)
  A frost giant (Depths:1)
  An angel (Vaults:2)
  9 vault wardens
  A ghoul (Vaults:2)
  3 orc warlords
  A spriggan defender (Depths:2)
  A deep elf elementalist (Elf:3)
  4 quicksilver oozes (Slime:5)
  4 ironbound preservers
  6 very ugly things
  A draconian annihilator (Zot:5)
  2 formless jellyfish
  4 ironbound thunderhulks
  3 deep elf annihilators (Elf:3)
  A deep elf death mage (Elf:3)
  A vampire knight (Depths:3)
  4 bunyips
  5 stone giants
  2 yellow draconians
  A white draconian (Zot:3)
  2 spark wasps
  6 dire elephants
  2 red draconians
  2 ettins (Depths:3)
  A crystal guardian (Vaults:3)
  A fire dragon (Depths:3)
  5 merfolk impalers (Shoals:4)
  3 merfolk javelineers (Shoals:4)
  A salamander tyrant (Snake:4)
  An ice dragon (Depths:4)
  A peacekeeper (Vaults:3)
  2 vault guards (Vaults:2)
  A ghost crab (Shoals:3)
  8 hydras
  4 yaktaur captains
  A rakshasa (Depths:2)
  Fannar (D:11)
  4 great orbs of eyes
  10 ironbound frosthearts
  2 spriggan air magi
  A satyr (Shoals:4)
  2 anacondas
  12 dancing weapons
  A deep troll shaman (Depths:3)
  10 centaur warriors
  6 deep troll earth magi
  A merfolk avatar (Shoals:4)
  3 two-headed ogres
  A vampire mage (Depths:3)
  2 tengu warriors (Depths:2)
  A death yak (Snake:2)
  3 shock serpents
  3 naga warriors
  A boulder beetle (Lair:5)
  3 spriggan berserkers
  2 thrashing horrors (Lair:5)
  8 naga sharpshooters
  2 orc high priests
  An occultist (Depths:2)
  4 deep elf knights
  6 skeletal warriors
  An iron troll (Depths:3)
  A skyshark (Lair:5)
  2 salamander mystics
  5 sea snakes
  3 glowing orange brains (WizLab)
  A flayed ghost (Vaults:3)
  2 goliath frogs (Depths:4)
  A naga ritualist (Snake:1)
  An orange crystal statue (WizLab)
  2 arcanists
  22 deep trolls
  8 deep elf archers
  7 harpies
  An ironbound convoker (Vaults:2)
  4 lindwurms
  2 necromancers (Elf:1)
  16 ugly things
  8 deep elf pyromancers
  8 deep elf zephyrmancers
  2 fauns (Shoals:4)
  A mana viper (Snake:3)
  A wolf spider (D:15)
  4 orc knights
  5 orc sorcerers
  2 large abominations
  7 manticores
  3 cyclopes
  10 salamanders
  2 moths of wrath (Zot:5)
  3 kobold blastminers (Orc:2)
  3 vault sentinels
  5 black mambas
  6 elephants
  4 eyes of devastation
  4 water nymphs (Shoals:4)
  A guardian serpent (Snake:4)
  2 rust devils
  5 naga magi
  7 cane toads
  A torpor snail (Lair:5)
  An eye of devastation (shapeshifter) (Vaults:2)
  A hellion (Zot:2)
  A kobold demonologist (D:12)
  31 yaktaurs
  An efreet (D:15)
  6 komodo dragons
  A spectral merfolk (Shoals:3)
  A tengu conjurer (Depths:2)
  A polar bear (Lair:4)
  A meliai (shapeshifter) (Elf:2)
  A queen bee (shapeshifter) (Lair:5)
  A troll (shapeshifter) (Lair:5)
  6 trolls
  2 hornets
  8 merfolk
  4 wind drakes
  8 blink frogs
  2 snapping turtles
  A raiju (Lair:5)
  2 glass eyes
  A spectral wind drake (Shoals:3)
  3 air elementals (Shoals:4)
  22 slime creatures
  3 spriggans
  6 water elementals
  2 wraiths
  A battlemage (Vaults:4)
  A fire elemental (Elf:1)
  2 wyverns
  A hog (D:12)
  4 wargs (Orc:2)
  30 yaks
  2 basilisks
  A steam dragon (D:9)
  2 golden eyes
  3 vampire mosquitoes (D:10)
  16 nagas
  2 swamp worms (D:13)
  3 spectral snapping turtles (Shoals:3)
  10 water moccasins
  A black bear (Lair:2)
  2 ice beasts (D:6)
  30 orc warriors
  9 wolves
  2 boggarts (D:14)
  10 centaurs
  14 ogres
  4 kobold brigands
  3 bullfrogs
  A scorpion (D:5)
  7 small abominations (Lair:5)
  2 wights (D:8)
  2 killer bees
  A howler monkey (D:4)
  2 jellies (D:4)
  A hound (D:6)
  10 orc priests
  13 orc wizards
  A hell rat (Lair:3)
  Robin (D:3)
  6 gnolls
  10 adders
  2 river rats (Lair:3)
  2 white imps (D:7)
  2 ufetubi (D:4)
  2 worms (D:3)
  5 dart slugs
  44 orcs
  7 ball pythons
  8 bats
  6 endoplasms
  A giant cockroach (D:2)
  12 hobgoblins
  6 jackals
  2 quokkas (D:1)
  2 frilled lizards (D:3)
  22 goblins
  33 kobolds
  9 rats
905 creatures vanquished.

Vanquished Creatures (collateral kills)
  2 ancient liches (Zot:5)
  A dread lich (Zot:5)
  An orb of fire (Zot:2)
  2 Killer Klowns (Zot:5)
  A golden dragon (Zot:2)
  An electric golem (Zot:5)
  7 tentacled monstrosities
  2 liches
  3 quicksilver dragons
  A deep elf master archer (Elf:3)
  A titan (Shoals:4)
  17 Orb Guardians
  A walking divine tome (Depths:3)
  17 acid blobs
  4 tentacled starspawn (WizLab)
  4 sphinxes
  A death cob (Zot:2)
  4 storm dragons
  3 tengu reavers
  A draconian monk (Depths:4)
  10 rockslimes
  6 shadow dragons
  5 fire giants
  A protean progenitor (Depths:4)
  2 nagarajas
  6 frost giants
  3 iron dragons (Depths:3)
  5 azure jellies
  A draconian shifter (Zot:5)
  3 deep elf sorcerers (Elf:3)
  7 vault wardens
  A cacodemon (WizLab)
  2 draconian knights
  4 deep elf elementalists (Elf:3)
  9 ironbound preservers
  An orc warlord (Orc:2)
  A ghost moth (Zot:5)
  A reaper (D:2)
  4 spriggan defenders
  An angel (Vaults:2)
  A draconian stormcaller (Zot:5)
  A draconian annihilator (Zot:4)
  2 formless jellyfish
  5 very ugly things
  7 stone giants
  4 quicksilver oozes
  3 deep elf demonologists (Elf:3)
  3 war gargoyles
  6 vampire knights
  4 ironbound thunderhulks
  2 black draconians
  3 green draconians
  2 purple draconians
  2 dire elephants
  5 deep elf death magi
  2 white draconians
  4 deep elf annihilators (Elf:3)
  A spark wasp (Depths:3)
  4 red draconians
  An eidolon (Elf:2)
  5 fire dragons
  6 ettins
  A crystal guardian (Vaults:2)
  5 merfolk impalers (Shoals:4)
  A deep elf high priest (Vaults:3)
  A merfolk javelineer (Shoals:4)
  10 great orbs of eyes
  A hell beast (D:2)
  7 yaktaur captains
  4 salamander tyrants
  2 rakshasas (Depths:1)
  2 peacekeepers (Vaults:2)
  6 ice dragons
  3 vault guards
  2 ogre magi
  Harold (D:11)
  3 spriggan air magi
  2 catoblepae (Lair:4)
  2 ghost crabs (Shoals:3)
  7 centaur warriors
  10 ironbound frosthearts
  3 merfolk avatars
  9 two-headed ogres
  2 boulder beetles
  3 alligator snapping turtles (Shoals:4)
  A satyr (Shoals:2)
  7 anacondas
  2 merfolk aquamancers (Shoals:4)
  4 deep troll shamans
  2 vampire magi
  8 dancing weapons
  A death scarab (Depths:3)
  2 thrashing horrors (Lair:5)
  5 naga warriors
  2 spriggan berserkers
  4 deep troll earth magi
  9 naga sharpshooters
  An occultist (Depths:2)
  6 deep elf knights
  4 hell knights (Vaults:2)
  7 spriggans
  A soul eater (Vaults:2)
  3 wretched stars (WizLab)
  A skyshark (shapeshifter) (Depths:4)
  A sixfirhy (D:8)
  2 skysharks
  3 salamander mystics
  Lodul (D:12)
  3 glowing orange brains
  6 skeletal warriors
  2 iron trolls
  5 sea snakes
  An orb spider (shapeshifter) (Depths:2)
  37 deep trolls
  A flayed ghost (Depths:2)
  7 deep elf archers
  2 lindwurms (Vaults:2)
  7 arcanists
  2 naga ritualists (Snake:4)
  14 ironbound convokers
  3 large abominations (Elf:1)
  4 orc knights
  3 harpies (Shoals:1)
  An orc sorcerer (Orc:2)
  Pikel (D:5)
  14 deep elf zephyrmancers
  A harpy (shapeshifter) (D:13)
  5 manticores
  4 mana vipers
  7 deep elf pyromancers
  A necromancer (Depths:2)
  28 ugly things
  5 fauns
  3 shining eyes
  6 cyclopes
  5 salamanders
  16 moths of wrath
  2 ice statues (Snake:1)
  A toenail golem (D:5)
  3 merfolk sirens (Shoals:1)
  A kobold blastminer (Orc:2)
  10 elephants
  8 black mambas
  7 water nymphs
  12 naga magi
  7 vault sentinels
  A guardian serpent (Snake:3)
  Joseph (D:7)
  A gargoyle (D:12)
  10 eyes of devastation
  A spectral sea snake (Shoals:3)
  2 cane toads
  3 unseen horrors (Depths:1)
  2 tengu conjurers (Depths:2)
  A freezing wraith (D:14)
  A rime drake (shapeshifter) (D:13)
  4 komodo dragons
  23 yaktaurs
  2 spectral merfolk (Shoals:3)
  4 trolls
  4 merfolk
  9 hornets
  A tyrant leech (Depths:1)
  4 wind drakes
  5 glass eyes
  2 dream sheep (Shoals:3)
  A raiju (Lair:5)
  7 blink frogs
  A spectral manticore (Shoals:3)
  7 snapping turtles
  A jumping spider (Vaults:2)
  A shadow (D:11)
  4 air elementals (Shoals:4)
  52 slime creatures
  2 ynoxinuls (Lair:5)
  26 yaks
  13 water elementals
  2 wyverns
  7 small abominations
  2 hogs (D:12)
  3 wraiths
  A fire elemental (Elf:1)
  3 basilisks (Lair:5)
  15 golden eyes
  5 wargs
  A neqoxec (WizLab)
  5 chaos spawn
  A swamp worm (D:13)
  39 nagas
  A spectral snapping turtle (Shoals:3)
  3 hell hounds (D:5)
  2 water moccasins
  2 black bears
  A sky beast (D:6)
  26 orc warriors
  6 ogres
  7 wolves
  A boggart (D:14)
  14 centaurs
  2 kobold brigands
  2 elf zombies (Elf:1)
  8 bullfrogs
  3 wights (D:8)
  6 killer bees
  3 electric eels
  A gnoll bouda (D:8)
  An orc priest (Orc:2)
  7 starcursed masses (WizLab)
  2 sleepcaps
  2 iguanas
  8 orc wizards
  A hell rat (Lair:3)
  A gnoll (D:8)
  3 adders
  5 river rats (Lair:3)
  49 orcs
  2 goblins (D:9)
  21 kobolds
  2 rats (Lair:3)
  A starspawn tentacle (WizLab)
1102 creatures vanquished.

Vanquished Creatures (others)
  A sphinx (Elf:2)
  2 deep elf pyromancers
  A freezing wraith (Vaults:2)
  167 battlemagi
  8 starspawn tentacles (WizLab)
  16 tentacles (Shoals:3)
195 creatures vanquished.

Grand Total: 2202 creatures vanquished

Notes
Turn   | Place    | Note
-------+----------+-------------------------------------------
     0 | D:1      | EnegeticOcto the Troll Venom Mage began the quest for the
                  | Orb.
     0 | D:1      | Reached XP level 1. HP: 16/16 MP: 1/1
    35 | D:1      | Reached skill level 1 in Unarmed Combat
    82 | D:1      | Reached XP level 2. HP: 24/24 MP: 2/2
   180 | D:1      | Found Riqatu's Weapon Boutique.
   649 | D:1      | Reached XP level 3. HP: 28/28 MP: 3/3
   721 | D:2      | Found Fewkaw's Assorted Antiques.
   725 | D:2      | Bought a scroll labelled XUAPSA VAAMU for 24 gold pieces
   725 | D:2      | Bought an emerald potion for 21 gold pieces
   804 | D:2      | Reached skill level 2 in Unarmed Combat
   898 | D:2      | Reached XP level 4. HP: 37/39 MP: 4/4
  1107 | D:2      | Reached skill level 2 in Stealth
  1728 | D:3      | Found a white marble altar of Elyvilon.
  1814 | D:3      | Reached skill level 3 in Unarmed Combat
  1869 | D:3      | Reached XP level 5. HP: 37/46 MP: 5/5
  1918 | D:3      | Reached skill level 1 in Fighting
  1925 | D:3      | Noticed Robin
  1945 | D:3      | Killed Robin
  2418 | D:4      | Found a staircase to the Ecumenical Temple.
  2436 | Temple   | Entered the Ecumenical Temple
  2445 | Temple   | Became a worshipper of Hepliaklqana the Forgotten
  2477 | D:4      | Reached skill level 4 in Unarmed Combat
  2586 | D:4      | Reached XP level 6. HP: 55/57 MP: 6/6
  2721 | D:4      | Found a sparkling altar of Nemelex Xobeh.
  2787 | D:4      | Reached skill level 2 in Fighting
  2787 | D:4      | Reached skill level 5 in Unarmed Combat
  2930 | D:4      | Identified the +1 leather armour of Nihilism {rN+ Slay+5
                  | Stlth-}
  3106 | D:5      | Entered Level 5 of the Dungeon
  3148 | D:5      | Reached * piety under Hepliaklqana
  3218 | D:5      | Found a hide-covered altar of Uskayaw.
  3366 | D:5      | Reached XP level 7. HP: 38/59 MP: 7/7
  3849 | D:5      | Reached skill level 3 in Fighting
  3849 | D:5      | Reached skill level 6 in Unarmed Combat
  4157 | D:6      | Noticed Pikel
  4157 | D:6      | Noticed a yak
  4157 | D:6      | Noticed a yak
  4205 | D:6      | Noticed a yak
  4357 | D:6      | Reached skill level 7 in Unarmed Combat
  4424 | D:6      | Reached XP level 8. HP: 55/70 MP: 8/8
  4497 | D:6      | Reached ** piety under Hepliaklqana
  4498 | D:6      | Remembered your ancestor Exclusive Title as a battlemage
  4507 | D:6      | Reached skill level 4 in Fighting
  4978 | D:6      | Reached skill level 2 in Dodging
  4980 | D:6      | Reached skill level 5 in Fighting
  5027 | D:5      | Killed Pikel
  5028 | D:5      | Reached skill level 6 in Fighting
  5028 | D:5      | Reached skill level 3 in Dodging
  5028 | D:5      | Reached XP level 9. HP: 59/81 MP: 9/9
  5190 | D:6      | Reached skill level 4 in Dodging
  5230 | D:7      | Identified the +1 chain mail "Muzeumor" {rC+ Will+ Str+3}
  5255 | D:7      | Noticed Joseph
  5260 | D:7      | Reached skill level 7 in Fighting
  5266 | D:7      | Killed Joseph
  5622 | D:7      | Reached skill level 5 in Dodging
  6143 | D:8      | Noticed a two-headed ogre
  6288 | D:8      | Killed a two-headed ogre
  6289 | D:8      | Reached skill level 6 in Dodging
  6289 | D:8      | Reached XP level 10. HP: 39/93 MP: 10/10
  6676 | D:8      | Paralysed by a hornet for 3 turns
  6682 | D:8      | Reached skill level 7 in Dodging
  6852 | D:8      | Reached *** piety under Hepliaklqana
  7007 | D:8      | Found an opulent altar of Gozag.
  7215 | D:9      | Reached skill level 1 in Throwing
  7215 | D:9      | Reached skill level 1 in Invocations
  7218 | D:9      | Reached skill level 1 in Evocations
  7340 | D:9      | Found a flagged portal.
  7351 | Bailey   | Entered a bailey
  7566 | Bailey   | Reached skill level 2 in Throwing
  7566 | Bailey   | Reached skill level 2 in Invocations
  7727 | Bailey   | Reached skill level 2 in Evocations
  8036 | Bailey   | Reached skill level 3 in Throwing
  8036 | Bailey   | Reached skill level 3 in Invocations
  8803 | D:9      | Reached XP level 11. HP: 99/99 MP: 12/12
  9069 | D:9      | Reached skill level 3 in Evocations
  9232 | D:10     | Entered Level 10 of the Dungeon
  9328 | D:10     | Reached skill level 4 in Throwing
  9373 | D:10     | Reached skill level 4 in Invocations
  9792 | D:10     | Reached **** piety under Hepliaklqana
  9831 | D:10     | Reached skill level 4 in Evocations
  9846 | D:10     | Reached skill level 5 in Throwing
 10071 | D:10     | Reached skill level 5 in Invocations
 10389 | D:11     | Noticed a two-headed ogre
 10397 | D:11     | Killed a two-headed ogre
 10561 | D:11     | Found a staircase to the Lair.
 10614 | D:11     | Noticed Harold
 10632 | D:11     | Identified the +0 robe of the Moon {rN++ Int-4 Dex+8}
 10635 | D:11     | Found Zedwist's Distillery.
 10643 | D:11     | Bought a potion of attraction for 36 gold pieces
 10643 | D:11     | Bought a potion of lignification for 36 gold pieces
 10643 | D:11     | Bought a potion of lignification for 36 gold pieces
 10643 | D:11     | Bought a potion of invisibility for 96 gold pieces
 10643 | D:11     | Bought a potion of haste for 120 gold pieces
 10643 | D:11     | Bought a potion of curing for 36 gold pieces
 10765 | D:11     | Found a staircase to the Orcish Mines.
 10768 | D:11     | Noticed a two-headed ogre
 10773 | D:11     | Reached skill level 6 in Throwing
 10774 | D:11     | Noticed Fannar
 10785 | D:11     | Noticed a cyan ugly thing
 10842 | D:11     | Noticed a two-headed ogre
 10853 | D:11     | Killed a two-headed ogre
 10854 | D:11     | Reached skill level 6 in Invocations
 10854 | D:11     | Reached skill level 5 in Evocations
 10909 | D:11     | Killed a two-headed ogre
 11106 | D:11     | Noticed a two-headed ogre
 11112 | D:11     | Killed a two-headed ogre
 11113 | D:11     | Reached XP level 12. HP: 54/107 MP: 15/15
 11462 | D:11     | Killed Fannar
 11666 | D:11     | Killed Harold
 11721 | Lair:1   | Entered Level 1 of the Lair of Beasts
 11729 | Lair:1   | Reached skill level 7 in Throwing
 11814 | Lair:1   | Reached skill level 7 in Invocations
 11989 | Lair:1   | Reached skill level 6 in Evocations
 12429 | Lair:1   | Reached ***** piety under Hepliaklqana
 12627 | Lair:2   | Noticed a seven-headed hydra
 12815 | Lair:2   | Killed a seven-headed hydra
 12824 | Lair:2   | Reached skill level 7 in Evocations
 13172 | Lair:2   | Reached skill level 1 in Armour
 13321 | Lair:2   | Found a staircase to the Snake Pit.
 13670 | Lair:2   | Reached skill level 2 in Armour
 13824 | Lair:3   | Reached XP level 13. HP: 109/114 MP: 17/17
 13977 | Lair:3   | Reached skill level 3 in Armour
 14282 | Lair:3   | Found a staircase to the Shoals.
 14605 | Lair:4   | Reached skill level 3 in Stealth
 14797 | Lair:4   | Reached skill level 4 in Armour
 15202 | Lair:4   | Reached skill level 4 in Stealth
 15437 | Lair:4   | Reached skill level 5 in Armour
 15762 | Lair:5   | Entered Level 5 of the Lair of Beasts
 16082 | Lair:5   | Reached skill level 6 in Armour
 16147 | Lair:5   | Noticed Sonja
 16148 | Lair:5   | Sonja changed into Sonja the basilisk
 16148 | Lair:5   | Noticed Sonja
 16155 | Lair:5   | Killed Sonja the basilisk
 16291 | Lair:5   | Reached skill level 5 in Stealth
 16548 | Lair:5   | Reached ****** piety under Hepliaklqana
 16706 | Lair:5   | Found a viscous altar of Jiyva.
 16706 | Lair:5   | Found a staircase to the Slime Pits.
 17128 | Lair:5   | Reached skill level 7 in Armour
 17283 | Lair:5   | Reached XP level 14. HP: 86/121 MP: 18/18
 17739 | Lair:5   | Found a corrupted altar of Lugonu.
 17739 | Lair:5   | Found a one-way gate to the infinite horrors of the Abyss.
 17745 | Lair:5   | Reached skill level 6 in Stealth
 17901 | Lair:5   | Identified the +9 ring mail of Monlatod {rF+ Will+ Int+7
                  | Stlth-}
 18171 | D:12     | Noticed Kirke
 18194 | D:12     | Killed Kirke
 18263 | D:12     | Noticed Lodul
 18695 | D:12     | Reached skill level 7 in Stealth
 18702 | D:12     | Killed Lodul
 19466 | Orc:1    | Entered Level 1 of the Orcish Mines
 19633 | Orc:1    | Reached skill level 1 in Translocations
 19847 | Orc:2    | Entered Level 2 of the Orcish Mines
 19860 | Orc:2    | Reached skill level 2 in Translocations
 20252 | D:13     | Reached skill level 3 in Translocations
 20300 | D:13     | Found a transporter.
 20364 | D:13     | Found a sacrificial altar of Ru.
 20758 | D:13     | Reached skill level 4 in Translocations
 20845 | D:13     | Found a transporter.
 21089 | D:14     | Found a blossoming altar of Fedhas.
 21449 | D:14     | Reached skill level 5 in Translocations
 21828 | D:14     | Identified a scroll of acquirement
 21838 | D:14     | Reached XP level 15. HP: 58/128 MP: 19/19
 21844 | D:14     | Acquired the amulet of Heot {Spirit Rampage Dex+3}
 21878 | D:14     | Learned a level 4 spell: Vhi's Electric Charge
 22333 | D:14     | Found a gate to the Vaults.
 22345 | D:14     | Reached skill level 2 in Spellcasting
 22596 | D:15     | Entered Level 15 of the Dungeon
 22596 | D:15     | Found Cuxkepn's General Store.
 22603 | D:15     | Bought a scroll of immolation for 56 gold pieces
 22848 | D:15     | Reached skill level 6 in Translocations
 23108 | D:15     | Found a shimmering blue altar of Sif Muna.
 23137 | D:15     | Found Omol's Weapon Shop.
 23252 | D:15     | Reached skill level 3 in Spellcasting
 23785 | D:15     | Found a staircase to the Depths.
 24234 | D:15     | Noticed Roxanne
 24509 | Orc:2    | Found a staircase to the Elven Halls.
 24562 | Orc:2    | Reached skill level 7 in Translocations
 25074 | Orc:2    | Reached skill level 4 in Spellcasting
 26623 | Orc:2    | Found Siblagock's Armour Shop.
 26625 | Orc:2    | Found Luare's Weapon Boutique.
 26627 | Orc:2    | Found Zinaymm's Antique Armour Shoppe.
 27683 | Orc:2    | Reached skill level 5 in Spellcasting
 28327 | Snake:1  | Entered Level 1 of the Snake Pit
 28492 | Shoals:1 | Entered Level 1 of the Shoals
 28564 | Shoals:1 | Found Hipad's Island Escapes.
 28682 | Shoals:1 | Bought a potion of enlightenment for 70 gold pieces
 28682 | Shoals:1 | Bought 2 potions of enlightenment for 140 gold pieces
 28682 | Shoals:1 | Bought a scroll of teleportation for 42 gold pieces
 28682 | Shoals:1 | Bought a scroll of fog for 56 gold pieces
 28682 | Shoals:1 | Bought a ring of flight for 245 gold pieces
 28682 | Shoals:1 | Bought a scroll of fog for 56 gold pieces
 29025 | Shoals:1 | Reached skill level 6 in Spellcasting
 29121 | Shoals:1 | Identified the +1 halberd "Grim" {drain, rF+ Will+}
 29133 | Shoals:1 | Noticed Donald
 29156 | Shoals:1 | Killed Donald
 29157 | Shoals:1 | Reached skill level 1 in Shields
 29157 | Shoals:1 | Reached XP level 16. HP: 104/135 MP: 16/24
 29522 | Shoals:1 | Reached skill level 2 in Shields
 29701 | Shoals:2 | Reached skill level 3 in Shields
 29878 | Shoals:2 | Reached skill level 4 in Shields
 30266 | Shoals:2 | Identified the ring of Twilight {^Drain rC+++ AC+4 Dex+6
                  | Stlth+}
 30324 | Shoals:2 | Found Qoiff's Assorted Antiques.
 30333 | Shoals:2 | Bought a wand of iceblast (1) for 69 gold pieces
 30333 | Shoals:2 | Bought a scroll of blinking for 217 gold pieces
 30333 | Shoals:2 | Bought a potion of invisibility for 232 gold pieces
 30333 | Shoals:2 | Bought a scroll of teleportation for 87 gold pieces
 30698 | Shoals:3 | Reached skill level 5 in Shields
 31108 | Shoals:3 | Reached skill level 6 in Shields
 31966 | Shoals:4 | Entered Level 4 of the Shoals
 31966 | Shoals:4 | Found a stormy altar of Qazlal.
 32154 | Shoals:4 | Paralysed by an air elemental for 1 turns
 32157 | Shoals:4 | Paralysed by an air elemental for 1 turns
 32159 | Shoals:4 | Paralysed by an air elemental for 1 turns
 32161 | Shoals:4 | Paralysed by an air elemental for 1 turns
 32169 | Shoals:4 | Reached skill level 7 in Shields
 32705 | Shoals:4 | Paralysed by an air elemental for 1 turns
 32947 | Shoals:4 | Paralysed by an air elemental for 1 turns
 32978 | Shoals:4 | Paralysed by an air elemental for 1 turns
 32981 | Shoals:4 | Paralysed by an air elemental for 1 turns
 33358 | Shoals:4 | Reached skill level 1 in Transmutations
 34367 | Shoals:4 | Paralysed by an air elemental for 1 turns
 34371 | Shoals:4 | Paralysed by an air elemental for 1 turns
 34375 | Shoals:4 | Reached skill level 2 in Transmutations
 36319 | Shoals:4 | Reached skill level 3 in Transmutations
 36352 | Shoals:4 | Paralysed by an air elemental for 1 turns
 36354 | Shoals:4 | Paralysed by an air elemental for 1 turns
 36356 | Shoals:4 | Paralysed by an air elemental for 1 turns
 37442 | Shoals:4 | Identified the +3 robe "Nitisal" {rC- Regen+ Int+5 SInv}
 39203 | Shoals:4 | Reached skill level 7 in Spellcasting
 39549 | Shoals:4 | Reached skill level 4 in Transmutations
 41426 | Shoals:4 | Noticed a titan
 41494 | Shoals:4 | Killed a titan
 41495 | Shoals:4 | Reached XP level 17. HP: 142/142 MP: 25/27
 41502 | Shoals:4 | Got a barnacled rune of Zot
 41663 | Shoals:4 | Found a stormy altar of Qazlal.
 42287 | D:13     | Identified the ring "Ighug" {*Corrode rElec rC+ SInv}
 42293 | D:13     | Identified the +0 cloak of Telenid {Regen+}
 42621 | Snake:1  | Reached skill level 5 in Transmutations
 44028 | Snake:2  | Found Niysm's Book Shoppe.
 44037 | Snake:2  | Reached skill level 6 in Transmutations
 44080 | Snake:2  | Noticed Asterion
 44085 | Snake:2  | Asterion changed into Asterion the death yak
 44085 | Snake:2  | Noticed Asterion
 44090 | Snake:2  | Killed Asterion the death yak
 44143 | Snake:2  | Noticed Vashnia
 44290 | Snake:2  | Identified the death talisman of Ytomm {*Slow rF+ Slay+3
                  | SInv Stlth+}
 44807 | Snake:2  | Reached skill level 7 in Transmutations
 44931 | Snake:2  | Killed Vashnia
 46149 | Snake:3  | Noticed Bai Suzhen
 46203 | Snake:3  | Reached skill level 3 in Poison Magic
 46562 | Snake:3  | Killed Bai Suzhen
 46703 | Snake:4  | Entered Level 4 of the Snake Pit
 46778 | Snake:4  | Reached skill level 4 in Poison Magic
 46896 | Snake:4  | Found Qiunofekh's Book Boutique.
 46902 | Snake:4  | Found Vetun's Armour Shop.
 46932 | Snake:4  | Found Uppes's Jewellery Shop.
 46997 | Snake:4  | Identified the +9 short sword of the Past {spect, Str+6}
 47140 | Snake:4  | Reached skill level 5 in Poison Magic
 47314 | Snake:4  | Found Tockar's Distillery.
 47428 | Snake:4  | Found Utiawys's Armour Emporium.
 48044 | Snake:4  | Reached XP level 18. HP: 137/150 MP: 25/28
 48076 | Snake:4  | Reached skill level 6 in Poison Magic
 48341 | Snake:4  | Learned a level 4 spell: Olgreb's Toxic Radiance
 48345 | Snake:4  | Learned a level 3 spell: Mephitic Cloud
 48623 | Snake:4  | Got a serpentine rune of Zot
 48954 | Vaults:1 | Entered Level 1 of the Vaults
 49104 | Vaults:1 | Reached skill level 1 in Short Blades
 49104 | Vaults:1 | Reached skill level 7 in Poison Magic
 49407 | Vaults:1 | Reached skill level 1 in Air Magic
 49518 | Vaults:1 | Reached skill level 2 in Short Blades
 49539 | Vaults:1 | Reached skill level 2 in Air Magic
 49954 | Vaults:1 | Reached skill level 3 in Short Blades
 50526 | Vaults:1 | Found a large runed translucent door.
 50526 | Vaults:1 | Found a large runed translucent door.
 50526 | Vaults:1 | Noticed atomjack2's ghost (adept BaHu)
 50526 | Vaults:1 | Noticed jlumianski's ghost (veteran KoBe)
 50617 | Vaults:1 | Reached skill level 3 in Air Magic
 50952 | Vaults:1 | Reached skill level 4 in Short Blades
 51444 | Vaults:2 | Noticed Margery
 51444 | Vaults:2 | Noticed a hellephant
 51458 | Vaults:1 | Killed a hellephant
 51560 | Vaults:2 | Noticed Mara
 51617 | Vaults:2 | Reached skill level 4 in Air Magic
 51947 | Vaults:2 | Reached skill level 5 in Short Blades
 52419 | Vaults:2 | Found a staircase to the Crypt.
 52436 | Vaults:2 | Found a glowing golden altar of the Shining One.
 52436 | Vaults:2 | Found a white marble altar of Elyvilon.
 52446 | Vaults:2 | Found a glowing silver altar of Zin.
 52626 | Vaults:2 | Reached skill level 6 in Short Blades
 52663 | Vaults:2 | Paralysed by a sphinx for 4 turns
 52667 | Vaults:2 | Reached skill level 5 in Air Magic
 53519 | Vaults:2 | Killed Mara
 53520 | Vaults:2 | Reached XP level 19. HP: 156/156 MP: 29/29
 53733 | Vaults:2 | Noticed Saint Roka
 53753 | Vaults:2 | Killed Saint Roka
 54080 | Vaults:2 | Reached skill level 7 in Short Blades
 54584 | Vaults:2 | Killed Margery
 55012 | Vaults:2 | Reached skill level 6 in Air Magic
 55070 | Vaults:2 | Killed the ghostly Margery
 55832 | Vaults:2 | Found Pilaoh's Antique Armour Boutique.
 55848 | Vaults:2 | Bought a glowing cloak for 187 gold pieces
 56162 | Vaults:2 | Paralysed by a formless jellyfish for 1 turns
 56340 | Vaults:3 | Reached skill level 7 in Air Magic
 56389 | Vaults:3 | Identified the +8 great sword of Fury {heavy, rN+ SInv
                  | Stlth+}
 56809 | Vaults:3 | Found Fiyn's Weapon Boutique.
 57007 | Vaults:3 | Reached skill level 1 in Conjurations
 57059 | Vaults:3 | Reached skill level 2 in Conjurations
 57210 | Vaults:3 | Reached skill level 3 in Conjurations
 57220 | Vaults:3 | Learned a level 2 spell: Blink
 57223 | Vaults:3 | Learned a level 2 spell: Lesser Beckoning
 57706 | Vaults:3 | Identified the +1 shortbow of Ytesyuj {heavy, rPois rF-
                  | rCorr Str+6}
 57781 | Vaults:3 | Reached skill level 4 in Conjurations
 58228 | Vaults:3 | Reached skill level 5 in Conjurations
 58460 | Vaults:3 | Reached XP level 20. HP: 163/164 MP: 28/30
 58763 | Vaults:4 | Reached skill level 6 in Conjurations
 59053 | Vaults:4 | Paralysed by a formless jellyfish for 1 turns
 59055 | Vaults:4 | Reached skill level 7 in Conjurations
 59615 | Vaults:4 | Reached skill level 1 in Ice Magic
 59617 | Vaults:4 | Reached skill level 1 in Hexes
 59820 | Vaults:4 | Reached skill level 2 in Ice Magic
 59839 | Vaults:4 | Reached skill level 2 in Hexes
 60046 | Vaults:4 | Reached skill level 3 in Ice Magic
 60233 | Vaults:4 | Reached skill level 3 in Hexes
 60698 | Depths:1 | Entered Level 1 of the Depths
 60709 | Depths:1 | Reached skill level 4 in Ice Magic
 61121 | Depths:1 | Reached skill level 4 in Hexes
 61308 | D:15     | Reached skill level 5 in Ice Magic
 62249 | Depths:1 | Found Waisoij's Weapon Shop.
 62275 | Depths:1 | Found Base's Antique Weapon Boutique.
 62289 | Depths:1 | Acquired the ring of Sin {+Blink rPois rC+ Int+4}
 62333 | Depths:1 | Reached skill level 5 in Hexes
 62385 | Depths:1 | Found a gateway to Hell.
 62464 | Depths:1 | Found Hasac's Demolitions Depot.
 62517 | Depths:1 | Bought a wand of polymorph (3) for 96 gold pieces
 62517 | Depths:1 | Bought a wand of light (4) for 386 gold pieces
 62688 | Depths:1 | Reached XP level 21. HP: 170/170 MP: 28/31
 62736 | Depths:1 | Identified the +7 chain mail "Larru" {rC- rN+++ Slay+4}
 62747 | Depths:1 | Found an iron altar of Okawaru.
 62839 | Depths:1 | Reached skill level 6 in Ice Magic
 62937 | Depths:2 | Found a one-way gate leading to the halls of Pandemonium.
 63900 | Depths:2 | Reached skill level 6 in Hexes
 64292 | Depths:2 | Noticed a caustic shrike
 64301 | Depths:2 | Killed a caustic shrike
 64302 | Depths:2 | Reached skill level 7 in Ice Magic
 65064 | Depths:3 | Found a portal to a secret trove of treasure.
 65106 | Depths:3 | Reached skill level 1 in Long Blades
 65322 | Depths:3 | Found the +8 Vampire's Tooth {megavamp}
 65398 | Depths:3 | Reached skill level 2 in Long Blades
 65714 | Depths:3 | Reached skill level 3 in Long Blades
 65840 | Depths:3 | Reached skill level 4 in Long Blades
 66054 | Depths:3 | Reached skill level 5 in Long Blades
 66497 | Depths:3 | Reached skill level 6 in Long Blades
 66632 | Depths:3 | Found a one-way gateway to a ziggurat.
 66943 | Depths:3 | Got the Compilation of Incineration and Debased Spells
 67141 | Depths:3 | Reached skill level 7 in Long Blades
 67418 | Depths:4 | Entered Level 4 of the Depths
 67497 | Depths:3 | Reached skill level 7 in Hexes
 67900 | Depths:3 | Reached XP level 22. HP: 151/178 MP: 26/32
 68044 | Depths:3 | Reached skill level 1 in Necromancy
 68219 | Depths:3 | Reached skill level 2 in Necromancy
 68447 | Depths:3 | Reached skill level 3 in Necromancy
 69031 | Depths:4 | Reached skill level 4 in Necromancy
 69074 | Depths:4 | Found a sparkling altar of Nemelex Xobeh.
 69569 | Depths:4 | Reached skill level 5 in Necromancy
 69857 | Depths:4 | Found a gate to the Realm of Zot.
 70174 | Slime:1  | Entered Level 1 of the Pits of Slime
 70178 | Slime:1  | Paralysed by a formless jellyfish for 1 turns
 70222 | Lair:5   | Reached skill level 6 in Necromancy
 70652 | Lair:5   | Reached skill level 7 in Necromancy
 71054 | Slime:4  | Gained mutation: You are weak. (Str -2) [a shining eye]
 71063 | Slime:4  | Gained mutation: You occasionally lose the ability to drink
                  | potions when taking damage. [a shining eye]
 71071 | Slime:4  | Gained mutation: You are clumsy. (Dex -2) [a shining eye]
 71219 | Slime:3  | Reached skill level 1 in Summonings
 71219 | Slime:3  | Reached skill level 1 in Fire Magic
 71515 | Slime:5  | Entered Level 5 of the Pits of Slime
 71560 | Slime:5  | Reached skill level 2 in Summonings
 71560 | Slime:5  | Reached skill level 2 in Fire Magic
 72313 | Slime:5  | Noticed the Royal Jelly
 72324 | Slime:5  | Killed the Royal Jelly
 72325 | Slime:5  | Reached skill level 3 in Summonings
 72325 | Slime:5  | Reached skill level 3 in Fire Magic
 72832 | Slime:5  | Reached skill level 4 in Summonings
 72832 | Slime:5  | Reached skill level 4 in Fire Magic
 73028 | Slime:5  | Learned a level 1 spell: Apportation
 73103 | Slime:5  | Got the Grimoire of the Iceberg and Wounds
 73237 | Slime:5  | Identified the staff of Spite {rElec Stlth+ Air Poison}
 73239 | Slime:5  | Got a slimy rune of Zot
 73811 | D:11     | Bought a potion of mutation for 96 gold pieces
 74006 | Snake:4  | Bought the ring "Gynegon" {rPois rN+ Will+ Slay-6} for 400
                  | gold pieces
 74351 | Depths:4 | Lost mutation: You are clumsy. (Dex -2) [potion of
                  | mutation]
 74351 | Depths:4 | Lost mutation: You occasionally lose the ability to drink
                  | potions when taking damage. [potion of mutation]
 74351 | Depths:4 | Gained mutation: Your mind is acute. (Int +4, Str/Dex -1)
                  | [potion of mutation]
 74353 | Zot:1    | Entered Level 1 of the Realm of Zot
 74401 | Zot:1    | Reached XP level 23. HP: 184/184 MP: 33/33
 74463 | Zot:2    | Reached skill level 5 in Summonings
 74463 | Zot:2    | Reached skill level 5 in Fire Magic
 74734 | Zot:2    | Noticed an orb of fire
 74734 | Zot:2    | Gained mutation: You are vulnerable to cold. (rC-) [an orb
                  | of fire]
 75435 | Snake:2  | Bought a book of Geomancy for 448 gold pieces
 75438 | Snake:2  | Learned a level 2 spell: Passwall
 75830 | Zot:2    | Reached skill level 1 in Earth Magic
 75949 | Zot:2    | Reached skill level 2 in Earth Magic
 76419 | Zot:2    | Reached skill level 3 in Earth Magic
 76560 | Zot:2    | Gained mutation: You are strong-willed. (Will+) [an orb of
                  | fire]
 76622 | Zot:2    | Gained mutation: You are highly strong-willed. (Will++) [an
                  | orb of fire]
 76631 | Zot:2    | Killed an orb of fire
 76632 | Zot:2    | Reached skill level 4 in Earth Magic
 77119 | Zot:2    | Reached skill level 5 in Earth Magic
 77371 | Zot:2    | Reached skill level 6 in Earth Magic
 77770 | Zot:3    | Reached skill level 7 in Earth Magic
 78818 | Zot:4    | Reached skill level 6 in Summonings
 78818 | Zot:4    | Reached skill level 6 in Fire Magic
 79226 | Zot:5    | Entered Level 5 of the Realm of Zot
 80041 | Zot:5    | Noticed a dread lich
 80045 | Zot:5    | Killed a dread lich
 81026 | Zot:5    | Reached skill level 7 in Summonings
 81432 | Zot:5    | Reached skill level 7 in Fire Magic
 81901 | Zot:5    | Noticed a dread lich
 81915 | Zot:5    | Killed a dread lich
 81916 | Zot:5    | Reached skill level 1 in Staves
 82380 | Elf:1    | Entered Level 1 of the Elven Halls
 82711 | Elf:1    | Reached skill level 2 in Staves
 82843 | Elf:1    | Got the Directory of Maleficent Arts
 82978 | Elf:1    | Reached XP level 24. HP: 192/192 MP: 33/33
 83174 | Elf:1    | Reached skill level 3 in Staves
 83299 | Elf:2    | Found Cuapid Xergh's Magic Scroll Emporium.
 83303 | Elf:2    | Bought a scroll of vulnerability for 56 gold pieces
 83303 | Elf:2    | Bought a scroll of teleportation for 42 gold pieces
 83303 | Elf:2    | Bought a scroll of vulnerability for 56 gold pieces
 83303 | Elf:2    | Bought a scroll of immolation for 56 gold pieces
 83683 | Elf:2    | Reached skill level 4 in Staves
 83691 | Elf:2    | Found a runed translucent gate.
 83692 | Elf:2    | Found a runed translucent gate.
 83692 | Elf:2    | Found a runed translucent gate.
 83799 | Elf:2    | Got Vaiden's Quarto of the Maleficium
 83982 | Elf:3    | Entered Level 3 of the Elven Halls
 84059 | Elf:3    | Reached skill level 5 in Staves
 84476 | Elf:3    | Reached skill level 6 in Staves
 84516 | Elf:3    | Found a magical portal.
 84531 | WizLab   | Entered Lehudib's Moon Base
 84688 | WizLab   | Reached skill level 7 in Staves
 85293 | WizLab   | Identified the +0 hat of Qeoc {Str+5}
 85481 | WizLab   | Reached skill level 1 in Ranged Weapons
 85542 | WizLab   | Found a transporter.
 85662 | WizLab   | Reached skill level 2 in Ranged Weapons
 85730 | WizLab   | Found a transporter.
 86290 | WizLab   | Reached skill level 3 in Ranged Weapons
 86326 | WizLab   | Identified the +2 robe "Piudaono" {Will+ Str-4 Int+2}
 86327 | WizLab   | Identified the ring of Greater Demons {*Slow +Blink rN+
                  | Str+6}
 86331 | WizLab   | Reached skill level 2 in Axes
 86331 | WizLab   | Reached XP level 25. HP: 198/198 MP: 33/33
 86477 | Elf:3    | Acquired Sif Muna's Compendium of Decaying Transportation
 86484 | Elf:3    | Learned a level 4 spell: Manifold Assault
 86732 | Elf:3    | Reached skill level 4 in Ranged Weapons
 86762 | Elf:3    | Reached skill level 1 in Shapeshifting
 86787 | Elf:3    | Reached skill level 3 in Axes
 87466 | Elf:3    | Identified the amulet of Roig {RegenMP Dex+2 Stlth+}
 87695 | Elf:3    | Reached skill level 2 in Shapeshifting
 88586 | Elf:3    | Identified the +9 great sword "Noogrulie" {antimagic, rPois
                  | rCorr Int-4}
 88655 | Elf:3    | Reached skill level 4 in Axes
 88721 | Elf:3    | Reached skill level 3 in Shapeshifting
 88797 | Elf:3    | Got Sif Muna's Octavo of the Maleficium
 89910 | Zot:5    | Noticed a Killer Klown
 90165 | Zot:5    | Noticed an ancient lich
 90176 | Zot:5    | Killed an ancient lich
 90182 | Zot:5    | Reached skill level 5 in Ranged Weapons
 90411 | Zot:5    | Noticed a Killer Klown
 90418 | Zot:5    | Killed a Killer Klown
 90538 | Zot:5    | Reached skill level 4 in Shapeshifting
 91107 | Zot:5    | Reached skill level 5 in Axes
 91138 | Zot:5    | Noticed an ancient lich
 91144 | Zot:5    | Killed an ancient lich
 91258 | Zot:5    | Noticed an orb of fire
 91258 | Zot:5    | Noticed an orb of fire
 91281 | Zot:5    | Gained mutation: You have hidden genetic defects. [an orb
                  | of fire]
 91284 | Zot:5    | Gained mutation: You are partially covered in iridescent
                  | scales. (AC +2) [an orb of fire]
 91285 | Zot:5    | Killed an orb of fire
 91295 | Zot:5    | Banished an orb of fire
 91296 | Zot:5    | Reached skill level 5 in Shapeshifting
 91511 | Zot:5    | Reached XP level 26. HP: 207/207 MP: 33/33
 91630 | Zot:5    | Reached skill level 6 in Axes
 91630 | Zot:5    | Reached skill level 6 in Ranged Weapons
 91645 | Zot:5    | Got the Orb of Zot
 91858 | Depths:1 | Noticed Xani the pandemonium lord
 92016 | D:7      | Noticed Tewev the pandemonium lord
 92072 | D:5      | Reached skill level 6 in Shapeshifting
 92155 | D:$      | Escaped with the Orb!

Illustrated notes

Levels and vault maps discovered:
D:1:      dpeg_arrival_houses_and_road, layout_basic, serial_shops,
          nicolae_shop_bloodbath_and_beyond, glass_columns_b,
          minmay_stone_trees_small
D:2:      layout_rooms, serial_co_window_serial, co_window_paths_b,
          co_window_paths_a, co_window_paths_b, co_window_paths_b,
          co_window_corner_a, co_window_paths_c, co_window_paths_c,
          co_window_2corner, co_window_4corner_a, glass_columns_b,
          glass_columns_a, glass_columns_a, glass_columns_b, serial_shops, shop
D:3:      layout_loops_cross, lemuel_crystal_altar,
          nicolae_figureground_sparkle, uniq_robin
D:4:      layout_cave_pools, mainiacjoe_overflow_small_starburst,
          minmay_temple_entry_hall
D:5:      kennysheep_kobold_camp, layout_gridville,
          nicolae_uskayaw_murder_on_the_dancefloor,
          minmay_misc_feat_secret_circle
D:6:      layout_rooms, uniq_pikel
D:7:      layout_loops_ring, chequers_avenue, uniq_joseph
D:8:      layout_basic, kennysheep_little_box, minmay_misc_feat_cross
D:9:      layout_basic, enter_bailey_3
D:10:     layout_stronghold
D:11:     layout_gridville, erik_lair_orcish_takeover, orc_david_3,
          serial_shops, shop, uniq_harold, uniq_fannar
D:12:     layout_long_grid, uniq_lodul, uniq_kirke
D:13:     gammafunk_worm_tunnel, layout_loops_cross, hangedman_ru_absence
D:14:     layout_stronghold, erik_vaults_1, fedhas_altar_1
D:15:     hangedman_depths_entry_try_elsewhere_first, layout_cross,
          lemuel_blue_sif_altar, serial_shops, nicolae_diamond_shop,
          nicolae_shop_stone, uniq_roxanne
Temple:   mainiacjoe_temple_coin_purse
Lair:1:   layout_roguey, serial_forest, infiniplex_forest_clump_large,
          infiniplex_forest_clump_double, infiniplex_forest_clump_diagonal,
          infiniplex_forest_clump_tiny, infiniplex_forest_lined_1,
          infiniplex_forest_clump_small, serial_bayou_shore_a
Lair:2:   layout_hall_layers, minmay_snake_entry_guardpost_medium
Lair:3:   layout_roguey, minmay_shoals_entry_hut, serial_forest,
          infiniplex_forest_clump_medium, infiniplex_forest_end_3,
          infiniplex_forest_lined_3, infiniplex_forest_corner_1,
          infiniplex_forest_clump_long, infiniplex_forest_straight_2,
          infiniplex_forest_straight_2, infiniplex_forest_lined_2,
          kennysheep_rathole, lemuel_fruit_tree
Lair:4:   nzn_motion_control, layout_loops_ring
Lair:5:   hellmonk_lair_end_abyssal_woods, layout_cave_pods,
          dpeg_slime_entry_corner, infiniplex_staircase_pool_2, uniq_sonja
Shoals:1: layout_shoals, nicolae_island_escapes, uniq_donald
Shoals:2: nicolae_shoals_offshore_bank_account, layout_shoals, serial_shops,
          nicolae_shop_rolling_square
Shoals:3: layout_shoals, nicolae_shoals_spectral_cove
Shoals:4: shoals_end_hellmonk_storm_palace [storm_palace_center_ruins,
          storm_palace_corner_altar, storm_palace_corner_grid,
          storm_palace_corner_narrow, storm_palace_corner_narrow]
Snake:1:  layout_grid_shapes, portal_ice_cave_entry_ice_statue_two,
          nicolae_snake_gridmaze_swirls, nicolae_snake_snakes_in_the_grass
Snake:2:  layout_gridlike, serial_shops, nicolae_shop_window_shopping,
          grunt_megastairs_4, uniq_asterion, uniq_vashnia
Snake:3:  layout_gridlike, hangedman_snake_thin_pillar_pass, uniq_bai_suzhen
Snake:4:  minmay_snake_end_coiled, layout_misc_corridors, serial_shops,
          nicolae_shop_temple_entry_statues_fountains, nicolae_shop_peninsula,
          nicolae_shop_tiny_waterfront, shop, nicolae_shop_back_alley_shop
Slime:1:  layout_caves
Slime:2:  layout_caves
Slime:3:  layout_caves
Slime:4:  layout_caves
Slime:5:  slime_pit_nicolae_amoeboid
Orc:1:    layout_diamond_mine
Orc:2:    st_orc_rangers, layout_caves, regret_index_minedec_devilstone,
          minmay_orc_treasury
Elf:1:    layout_geoelf_grid, minmay_elf_necromancy, grunt_megastairs_2
Elf:2:    nicolae_elf_blades_crystal_corner, layout_geoelf_diagonals,
          serial_shops, shop, small_statue_intersection,
          hangedman_research_probablistics, lemuel_upstairs_altar
Elf:3:    elf_hall, layout_onion_city, infiniplex_enter_wizlab_glasses,
          palyth_stone_intersect
Vaults:1: advil_vaults_ghost_guards, nicolae_vaults_wrenched,
          nicolae_vaults_cochlea, vaults_dpeg_spiral, grunt_vaults_hallway_long,
          hangedman_vaults_restitches, vaults_room_stairs_pillars,
          nicolae_vaults_tetromino_L_2, nicolae_vaults_double_plus_3,
          nicolae_vaults_closet_pinwheel_3, nicolae_vaults_storage_closets_2,
          vaults_room_grid, layout_vaults_omnigrid
Vaults:2: portal_desolation_entry_holy_temple, minmay_crypt_entry_simple_plaza,
          st_cross, nicolae_vaults_little_squares_2,
          nicolae_vaults_closet_pinwheel_1, vaults_dpeg_cross,
          nicolae_vaults_closet_pinwheel_3, v_rooms_5, v_alt_pattern_1,
          hangedman_vaults_cutoff, hangedman_vaults_restitches,
          hangedman_vaults_corner, nicolae_vaults_trapezoid_layered, v_misc_16,
          nicolae_vaults_house_2, layout_vaults_omnibox, serial_shops,
          nicolae_shop_waterfront, uniq_mara, uniq_margery, uniq_saint_roka
Vaults:3: v_alt_pattern_6, nicolae_vaults_little_guard_posts,
          nicolae_vaults_diagonal_hallway_9, ontoclasm_vaults_chip,
          hangedman_vaults_nails, v_misc_29, vaults_dpeg_encased_lava,
          nicolae_vaults_twisting_passages, grunt_vaults_hallway_short,
          v_pattern_2, nicolae_vaults_trapezoid_lopsided_3,
          layout_vaults_big_cross, serial_shops, shop
Vaults:4: nicolae_vaults_network_barrier, v_rooms_4,
          nicolae_vaults_closet_pinwheel_4, vaults_mumra_bighexcomb,
          nicolae_vaults_border_crossing, ontoclasm_vaults_ligature,
          nicolae_vaults_trapezoid_3, ontoclasm_vaults_decontamination,
          nicolae_vaults_house_3, nicolae_vaults_diamond_1, grunt_vaults_funnel,
          layout_vaults_big_room
Depths:1: layout_gridville, minmay_room_of_horrors, serial_shops, shop,
          grunt_hell_entry_dis_grunt, dreamdust_wishing_well,
          nicolae_blasting_shop, okawaru_ov_weapons_minmay, minmay_shop_star
Depths:2: evilmike_cross, layout_twisted_cross, hangedman_coc_ice_floe,
          pan_entry, chequers_serial_rivers_large_b
Depths:3: minmay_the_grid_triangle_9x9_rhombus_thin_mashed
          [minmay_the_grid_triangle_9x9_corruption,
          minmay_the_grid_triangle_9x9_prize_schism,
          minmay_the_grid_triangle_9x9_alien,
          minmay_the_grid_triangle_9x9_stretched_checkered], layout_cave_shapes,
          enter_ziggurat_c, hell_entry, nicolae_figureground_pulse, abyss_entry,
          nicolae_trove_entry_crossroad, minmay_guarded_unrand_vampires_tooth
Depths:4: grunt_zot_entry_gee_three, layout_cave_pools,
          nemelex_lonely_heart_becter, hell_entry, hellmonk_scarab_ruin
Zot:1:    layout_misc_corridors, regret_index_zotdec_decaying_basic,
          nicolae_tricolors
Zot:2:    layout_gridlike, st_stairs_1, grunt_megastairs_1
Zot:3:    kennysheep_bubbly, layout_basic, amethyst_zot_foddershock
Zot:4:    gammafunk_the_bubble [the_bubble_gammafunk_grid],
          layout_misc_corridors, grunt_ministairs_13, uniq_josephina
Zot:5:    layout_gridlike

Skill      XL: |  1  2  3  4  5  6  7  8  9 10 11 12 13 14 15 16 17 18 19 20 21 22 23 24 25 26 |
---------------+-------------------------------------------------------------------------------+-----
Unarmed Combat | 1 2 3 4 5 7 |  7.9
Stealth        | 2 5 7 |  7.9
Fighting       | 1 2 3 6 7 |  7.9
Dodging        | 3 6 7 |  7.9
Throwing       | 3 6 7 |  7.9
Invocations    | 3 6 7 |  7.9
Evocations     | 2 5 7 |  7.9
Armour         | 2 7 |  7.9
Translocations | 5 7 |  7.9
Spellcasting   | 6 7 |  7.9
Shields        | 1 7 |  7.9
Transmutations | 4 7 |  7.9
Poison Magic   | 5 7 |  7.9
Short Blades   | 6 7 |  7.9
Air Magic      | 5 7 |  7.9
Conjurations   | 5 7 |  7.9
Ice Magic      | 5 7 |  7.9
Hexes          | 5 7 |  7.9
Long Blades    | 7 |  7.3
Necromancy     | 7 |  7.9
Summonings     | 4 7 |  7.9
Fire Magic     | 4 7 |  7.9
Earth Magic    | 7 |  7.9
Staves         | 2 7 |  7.9
Ranged Weapons | 3 5 6 |  6.2
Axes           | 2 5 6 |  6.3
Shapeshifting  | 5 6 |  6.0

Action                     |  1- 3 |  4- 6 |  7- 9 | 10-12 | 13-15 | 16-18 | 19-21 | 22-24 | 25-27 || total
---------------------------+-------+-------+-------+-------+-------+-------+-------+-------+-------++-------
  Melee: Unarmed           |    88 |   222 |   214 |   454 |   971 |  1046 |   400 |       |       ||  3395
         Punch             |     1 |     1 |     1 |    28 |    81 |       |       |       |       ||   112
         Dagger            |       |       |       |       |       |       |   917 |  1149 |   136 ||  2202
  Throw: Javelin           |       |     3 |       |     1 |    18 |    19 |       |     2 |     4 ||    47
         Dart              |       |     6 |     9 |       |     3 |    13 |     5 |       |       ||    36
         Boomerang         |       |       |       |       |    59 |    76 |    12 |    17 |     8 ||   172
         Large rock        |       |       |       |       |    18 |    22 |       |       |       ||    40
   Cast: Olgreb's Toxic Ra |       |       |       |       |       |    30 |     3 |       |       ||    33
         Mephitic Cloud    |       |       |       |       |       |     2 |       |       |       ||     2
         Blink             |       |       |       |       |       |       |     6 |     7 |     2 ||    15
         Passwall          |       |       |       |       |       |       |       |     3 |       ||     3
         Apportation       |       |       |       |       |       |       |       |     5 |     4 ||     9
         Manifold Assault  |       |       |       |       |       |       |       |       |     9 ||     9
 Invoke: Recall Ancestor   |       |     1 |     3 |    19 |    22 |    25 |    15 |    26 |    14 ||   125
         Ancestor Identity |       |     1 |       |       |       |       |       |       |       ||     1
         Ancestor Life: Ba |       |       |     1 |       |       |       |       |       |       ||     1
         Transference      |       |       |       |     1 |     3 |     2 |       |     2 |     2 ||    10
         Idealise          |       |       |       |       |     2 |     7 |     6 |     8 |     7 ||    30
  Evoke: Wand              |       |       |       |     4 |    31 |    34 |     8 |    22 |     4 ||   103
         Lightning rod     |       |       |       |     2 |    22 |    15 |    15 |       |       ||    54
         Sack of spiders   |       |       |       |       |       |     3 |     2 |     1 |       ||     6
         Phial of floods   |       |       |       |       |       |     2 |       |       |     1 ||     3
    Use: Scroll            |       |     3 |     2 |    12 |    11 |    12 |    17 |    16 |     8 ||    81
         Potion            |       |       |     3 |       |     6 |     4 |       |     9 |     5 ||    27
   Stab: Sleeping          |     3 |     2 |     2 |     1 |     5 |     7 |     6 |     8 |     1 ||    35
         Distracted        |       |       |     2 |     8 |    20 |    36 |    41 |    38 |     3 ||   148
         Paralysed         |       |       |       |       |    13 |     3 |       |     6 |       ||    22
         Invisible         |       |       |       |       |       |     2 |       |       |       ||     2
 Armour: Robe              |    40 |   152 |   151 |   171 |       |   628 |    62 |       |       ||  1204
         Troll leather arm |       |       |       |   240 |   892 |   274 |       |       |       ||  1406
         Fire dragon scale |       |       |       |       |       |       |   754 |   893 |   116 ||  1763
  Dodge: Dodged            |    50 |   111 |   112 |   326 |   563 |   446 |   317 |   282 |    38 ||  2245
  Block: Kite shield       |       |       |       |       |       |   882 |   907 |   698 |    87 ||  2574
         Reflection        |       |       |       |       |       |   114 |    67 |    33 |     2 ||   216

Table legend: (Time is in decaauts)
 A = Elapsed time spent in this place.
 B = Non-inter-level travel time spent in this place.
 C = Inter-level travel time spent in this place.
 D = Time resting spent in this place.
 E = Time spent auto-exploring this place.
 F = Levels seen in this place.
 G = Mean time per level.
                   A        B        C        D        E       F      G
               +--------+--------+--------+--------+--------+-----+--------+
         Total |  91351 |  83629 |   7722 |  32903 |  29597 |  54 | 1691.7 |
       Dungeon |  18828 |  16425 |   2403 |   2722 |   9535 |  15 | 1255.2 |
        Temple |     18 |      2 |     16 |      0 |      0 |   1 |   18.0 |
          Lair |   7743 |   6603 |   1140 |   1461 |   3515 |   5 | 1548.6 |
        Shoals |  13475 |  13265 |    210 |   8751 |   1889 |   4 | 3368.8 |
     Snake Pit |   6795 |   5921 |    874 |   1020 |   3237 |   4 | 1698.8 |
    Slime Pits |   3015 |   2907 |    108 |   1441 |    384 |   5 |  603.0 |
  Orcish Mines |   4282 |   4066 |    216 |   1988 |    999 |   2 | 2141.0 |
   Elven Halls |   4666 |   4518 |    148 |   1865 |   1672 |   3 | 1555.3 |
        Vaults |  11140 |   9884 |   1256 |   2299 |   4882 |   4 | 2785.0 |
        Depths |   9029 |   7980 |   1049 |   3533 |   2388 |   4 | 2257.2 |
           Zot |   9450 |   9151 |    299 |   6763 |    124 |   5 | 1890.0 |
        Bailey |   1123 |   1123 |      0 |    328 |    371 |   1 | 1123.0 |
        Wizlab |   1782 |   1782 |      0 |    727 |    601 |   1 | 1782.0 |
               +--------+--------+--------+--------+--------+-----+--------+

Top non-repeatable levels by time:
Shoals:4: 9032 daAuts
   Zot:5: 5117 daAuts
Vaults:2: 4010 daAuts
   Orc:2: 3711 daAuts
Vaults:1: 3370 daAuts
Depths:3: 3345 daAuts
   Elf:3: 3114 daAuts
  Lair:5: 2494 daAuts
    D:14: 2335 daAuts
    D:15: 2291 daAuts
Shoals:3: 2257 daAuts
   Zot:2: 2181 daAuts
 Snake:4: 2079 daAuts
Depths:2: 2065 daAuts
Vaults:3: 1984 daAuts

Table legend:
 A = Kills in this place as a percentage of kills in the entire game.
 B = Kills by you in this place as a percentage of kills by you in the entire game.
 C = Kills by friends in this place as a percentage of kills by friends in the entire game.
 D = Other kills in this place as a percentage of other kills in the entire game.
 E = Experience gained in this place as a percentage of experience gained in the entire game.
 F = Experience gained in this place divided by the number of levels of this place that you have seen.
                   A       B       C       D       E      F
               +-------+-------+-------+-------+-------+----------------------
         Total | 100.0 | 100.0 | 100.0 | 100.0 | 100.0 | 21790.6
       Dungeon |  21.1 |  31.1 |  14.6 |   2.9 |   7.4 | 5819.8
          Lair |   9.5 |  10.7 |   8.8 |   5.9 |   5.2 | 12196.0
        Shoals |   6.8 |   6.4 |   7.9 |   0.0 |   6.2 | 18155.2
     Snake Pit |   7.3 |   6.7 |   8.4 |   0.0 |   7.1 | 20806.2
    Slime Pits |   5.0 |   1.7 |   7.0 |  12.7 |   6.4 | 15043.0
  Orcish Mines |   6.9 |   9.3 |   5.6 |   0.0 |   2.1 | 12612.5
   Elven Halls |   6.4 |   6.3 |   6.5 |   5.9 |   8.4 | 33067.7
        Vaults |  15.7 |  15.0 |  16.4 |  15.7 |  20.5 | 60428.8
        Depths |  11.0 |   6.8 |  11.6 |  41.2 |  17.0 | 50107.5
           Zot |   5.9 |   3.9 |   7.0 |  10.8 |  16.0 | 37559.6
        Bailey |   2.0 |   0.8 |   3.1 |   0.0 |   0.2 | 2520.0
        Wizlab |   2.5 |   1.5 |   3.1 |   4.9 |   3.4 | 40465.0
               +-------+-------+-------+-------+-------+----------------------
